 Dungeon Crawl Stone Soup version 0.30.0-29-ga12c61a403 (webtiles) character file.

Game seed: 12957764424238057828

32 hawla the Firebug (level 3, -8/26 HPs)
             Began as a Meteoran Fire Elementalist on June 12, 2023.
             Mangled by a mummy (16 damage)
             ... in an ossuary.
             The game lasted 00:03:25 (375 turns).

hawla the Firebug (Meteoran Fire Elementalist)       Turns: 375, Time: 00:03:26

Health: -8/26      AC:  2    Str:  9    XL:     3   Next: 64%
Magic:  8/8        EV: 12    Int: 18    God:
Gold:   16         SH:  0    Dex: 15    Spells: 5/8 levels left

rFire   . . .        (no weapon)
rCold   . . .        (no shield)
rNeg    . . .        a - +0 robe
rPois   .            (no helmet)
rElec   .            (no cloak)
rCorr   .            (no gloves)
SInv    +            (no boots)
Will    .....        (no amulet)
Stlth   +            c - ring of see invisible
HPRegen 0.24/turn    (no ring)
MPRegen 0.11/turn

%: no passive effects
@: glowing
A: sense surroundings 1, otherworldly, glowing, explore regen
a: no special abilities


You were in an ossuary.
You visited 1 branch of the dungeon, and saw 4 of its levels.
You also visited: Ossuary.

You collected 16 gold pieces.

Inventory:

Armour
 a - a +0 robe (worn)
Jewellery
 c - a ring of see invisible (left hand)
Scrolls
 d - a scroll of enchant weapon {unknown}


   Skills:
 + Level 2.5 Dodging
 - Level 1.4 Stealth
 + Level 3.1 Spellcasting
 + Level 1.3 Conjurations
 + Level 4.7 Fire Magic


You had 5 spell levels left.
You knew the following spells:

 Your Spells              Type           Power      Damage    Failure   Level
a - Foxfire               Conj/Fire      52%        2x1d6     4%          1
b - Scorch                Fire           38%        2d6       3%          2

Your spell library contained the following spells:

 Spells                   Type           Power      Damage    Failure   Level
 Inner Flame              Hex/Fire       11%        N/A       19%         3
 Volatile Blastmotes      Fire/Tloc      22%        2d11      19%         3
 Flame Wave               Conj/Fire      13%        2d6       41%         4
 Vhi's Electric Charge    Tloc/Air       4%         N/A       43%         3
 Arcjolt                  Conj/Air       2%         1d12      98%         5
 Maxwell's Capacitive Co  Air            1%         ∞         100%        8


Dungeon Overview and Level Annotations

Branches:
Dungeon (4/15) Zot: 2086  Ossuary (1/1) Zot: 539
 Temple: D:4-7

Altars:
Okawaru

Shops:
D:2 (


Innate Abilities, Weirdness & Mutations

You passively map a small area around you.
You are easily found by Zot.
You glow in the dark.
You regain HP and MP as you explore.


Message History

Found a fizzy puce potion.
Casting: Foxfire (safe; 4% risk of failure)
Confirm with . or Enter, or press ? or * to list all spells.
You don't have enough magic to cast this spell.
Okay, then.
Casting: Foxfire (safe; 4% risk of failure)
Confirm with . or Enter, or press ? or * to list all spells.
You conjure some foxfire!
The foxfire hits the mummy.
The mummy is lightly damaged.
The foxfire hits the mummy.
The mummy is burned terribly!
The mummy is moderately damaged.
You hit the mummy but do no damage.
The mummy is moderately damaged.
You hit the mummy but do no damage.
The mummy is moderately damaged.
The mummy closely misses you.
You hit the mummy.
The mummy is moderately damaged.
The mummy completely misses you.
You hit the mummy but do no damage.
The mummy is moderately damaged.
You hit the mummy but do no damage.
The mummy is moderately damaged.
The mummy hits you!!
Ouch! That really hurt!
* * * LOW HITPOINT WARNING * * *
Casting: Foxfire (safe; 4% risk of failure)
Confirm with . or Enter, or press ? or * to list all spells.
You conjure some foxfire!
You hit the mummy but do no damage.
The mummy is moderately damaged.
The foxfire hits the mummy!
The mummy is burned terribly!
The mummy is severely damaged.
The foxfire hits the mummy.
The mummy is severely damaged.
The mummy misses you. Magic courses through your body. The mummy hits you!
Ouch! That really hurt!
You die...

... ,* , ,...,, ..
,, * ##.#* #.....**
* #. +..# +...8..
#..####.####....
#............... , ,
#............# * .
#..####......# * ,..
,#!'.M@8...# ..8,
,####......###....
#...................
#...................
#..#.#..#.#..#.#..#.
#.,#+#..#+#..#+#,.#
,* #..# #..# ..# *
,* #..###..###..###
* .........§§§v...


You could see a mummy.

Vanquished Creatures
  2 adders
  2 worms (D:2)
  2 giant cockroaches
  2 goblin zombies (Ossuary)
  5 hobgoblin zombies (Ossuary)
13 creatures vanquished.

Vanquished Creatures (others)
  61 foxfires
61 creatures vanquished.

Grand Total: 74 creatures vanquished

Notes
Turn   | Place    | Note
-------+----------+-------------------------------------------
     0 | D:1      | hawla the Meteoran Fire Elementalist began the quest for
                  | the Orb.
     0 | D:1      | Reached XP level 1. HP: 14/14 MP: 5/5
    71 | D:2      | Found Soekov's Antique Weapon Emporium.
    85 | D:2      | Reached XP level 2. HP: 17/20 MP: 0/6
    99 | D:2      | Reached skill level 4 in Fire Magic
   127 | D:2      | Learned a level 2 spell: Scorch
   135 | D:3      | Reached XP level 3. HP: 26/26 MP: 2/8
   205 | D:4      | Found an iron altar of Okawaru.
   310 | D:4      | Found a sand-covered staircase.
   315 | Ossuary  | Entered an ossuary
   315 | Ossuary  | Noticed a wraith
   315 | Ossuary  | Noticed a wraith
   315 | Ossuary  | Noticed a wraith
   375 | Ossuary  | Mangled by a mummy

Illustrated notes

Levels and vault maps discovered:
D:1:      dpeg_arrival_lava_temple_mockup, layout_basic, minmay_misc_feat_iff
D:2:      layout_loops_corners, serial_shops, nicolae_shop_peninsula
D:3:      layout_loops_ring, kennysheep_generic_room_2
D:4:      layout_basic, nzn_wu_jian_contemplation, mainiacjoe_overflow_brackets,
          enter_ossuary_2
Ossuary:  ossuary_kennysheep_city_of_the_dead

Skill      XL: |  1  2 |
---------------+-------+-----
Fire Magic     | 4 |  4.7
Spellcasting   | 3 |  3.1
Dodging        | |  2.5
Stealth        | |  1.4
Conjurations   | |  1.3

Action                     || total
---------------------------++-------
  Melee: Unarmed           ||    15
   Cast: Foxfire           ||    34
    Use: Scroll            ||     2
         Potion            ||     1
 Armour: Robe              ||     7
  Dodge: Dodged            ||    10
